[Event "CCT Julius Baer-D2-Place 2024"]
[Site "Online"]
[Date "2024.09.26"]
[Round "1"]
[White "Indjic, Aleksandar"]
[Black "Santos Latasa, Jaime"]
[Result "1/2-1/2"]
[ECO "E32"]
[WhiteElo "2611"]
[BlackElo "2624"]
[Annotator "ChessBase"]
[PlyCount "153"]
[EventDate "2024.09.25"]
[EventType "swiss"]
[EventCountry "NET"]
[SourceTitle "playchess.com"]
[Source "ChessBase"]
[SourceQuality "1"]
[TimeControl "600+2"]

1. d4 Nf6 2. c4 e6 3. Nc3 Bb4 4. Qc2 d6 5. Bg5 Nbd7 6. e3 c5 7. Bd3 Qa5 8. Nf3 cxd4 9. exd4 Bxc3+ 10. bxc3 b6 11. O-O Bb7 12. Bf4 Bxf3 13. gxf3 e5 14. Bg3 O-O 15. Rab1 Rac8 16. Rb5 Qa6 17. Re1 Qb7 18. d5 Nc5 19. Bf5 Rce8 20. Bh4 Nh5 21. Bxh7+ Kh8 22. Bf5 g6 23. Bh3 Kg7 24. Bg5 Nf4 25. Bxf4 exf4 26. Rbb1 Qa6 27. Qd2 Re5 28. Rxe5 dxe5 29. Qe2 Re8 30. d6 Qb7 31. Rd1 f6 32. Rd5 Qc6 33. Qd2 Rd8 34. d7 f5 35. Rxe5 Rxd7 36. Rd5 Qc7 37. Qd4+ Kh7 38. Qf6 Re7 39. Rd6 Rg7 40. Qh4+ Kg8 41. Rd8+ Kf7 42. Rd5 Ne6 43. Bf1 Qe7 44. Qh8 Ng5 45. Rd3 Rg8 46. Qd4 Ne6 47. Qe5 Nc5 48. Qd5+ Kg7 49. Rd1 Qg5+ 50. Bg2 Re8 51. Qd4+ Kh7 52. Kh1 Qh4 53. Kg1 Re7 54. Qd2 Rd7 55. Qe2 Rxd1+ 56. Qxd1 Qe7 57. Bf1 Ne6 58. Qd5 Ng5 59. Kg2 Nf7 60. Qd4 Qg5+ 61. Kh1 Qh4 62. c5 bxc5 63. Qxc5 Qf6 64. Qxa7 Kh6 65. Qd4 Qh4 66. a4 Kh7 67. a5 Ng5 68. Bg2 Nh3 69. Bxh3 Qxh3 70. Qd3 g5 71. a6 g4 72. Qxf5+ Kh8 73. Qf8+ Kh7 74. Qf7+ Kh8 75. Qf8+ Kh7 76. Qf7+ Kh8 77. Qf8+ 1/2-1/2

[Event "CCT Julius Baer-D2-Place 2024"]
[Site "Online"]
[Date "2024.09.26"]
[Round "1"]
[White "Daneshvar, Bardiya"]
[Black "Pranav Vijay"]
[Result "0-1"]
[ECO "E01"]
[WhiteElo "2598"]
[BlackElo "2252"]
[Annotator "TA"]
[PlyCount "92"]
[EventDate "2024.09.25"]
[EventType "swiss"]
[EventCountry "NET"]
[SourceTitle "playchess.com"]
[Source "ChessBase"]
[SourceQuality "1"]
[TimeControl "600+2"]

1. Nf3 Nf6 2. c4 e6 3. g3 d5 4. Bg2 Bd6 5. d4 O-O 6. O-O c6 7. b3 Nbd7 8. Bb2 b6 9. Nc3 Bb7 10. Nd2 dxc4 (10... Be7 $11) 11. Nxc4 Be7 {[%emt 0:00:06] White is better.} 12. Qc2 (12. a4 $16) 12... Rc8 13. Rfd1 Qc7 14. e4 b5 15. Ne3 Qb8 16. Rac1 Rfd8 17. Qb1 Nb6 18. e5 Nfd5 19. Nexd5 Nxd5 20. Ne4 b4 21. Nc5 Bxc5 22. Rxc5 Ba6 23. Be4 h6 24. Qc1 Qb6 25. Bb1 Be2 26. Re1 Bh5 27. Be4 Ne7 28. Qc4 Bg6 29. Bf3 Bd3 30. Qc1 (30. Qxd3 $2 Qxc5 31. Be4 Qa5 $19) 30... Rd7 31. g4 Rcd8 32. Qe3 (32. Bxc6 Nxc6 33. Rxc6 Qa5 $16) 32... Bg6 33. Rec1 Qa6 34. Ra1 Nd5 35. Qd2 Qb6 36. a3 (36. Rac1 $1 $11) 36... bxa3 $15 37. Rxa3 (37. Bxa3 $11 Ne7 (37... Qxb3 38. Kg2 $11) 38. Rc3) 37... Nb4 $17 {[%emt 0:00:01] ...Qxc5 is the strong threat.} 38. Qe2 Bd3 $36 {[%emt 0:00:34][%mdl 2048] Black is in control.} 39. Qd2 {[%emt 0:00:56] Hoping for Ra4.} Be4 $1 40. Qe3 {[%emt 0:00:18] This costs White the game.} (40. Bxe4 Qxc5 41. Ra4 a5 $19 (41... Qxe5 42. Qe1 $17)) (40. Rc4 $17 {was worth a try.} Bxf3 41. Rxb4) 40... Bxf3 $19 41. Qxf3 {[%emt 0:00:00] [#]} Nd3 $1 42. Rxc6 (42. Qxd3 Qxc5 43. Qc4 Qe7 44. Qxc6 Rxd4 45. Bxd4 Qxa3 $19) 42... Qb5 (42... Nxb2 $2 {is the wrong capture.} 43. Rxb6 axb6 44. Ra2 $18) (42... Ne1 43. Qe4 Qb7 44. Bc3 $17) 43. Bc3 $2 {[%emt 0:00:18] [#]} (43. Rc2 Nxb2 44. Rxb2 Rxd4 45. Re2) 43... Nxe5 $1 44. dxe5 (44. Qe4 Qxc6) 44... Rd1+ {[%emt 0:00:00] Black mates.} 45. Kg2 Qf1+ 46. Kg3 R1d3 {[%emt 0:00:00] Weighted Error Value: White=0.52/Black=0.07 (flawless) .  Loses game:     	White=1     	---        Mistake:       	White=4     	Black=1      Inaccurate:     	White=4     	Black=2      OK:         	White=14    	Black=13     Best:        	---       	Black=3      Strong:       	---       	Black=1      Brilliant:      	---       	Black=2} (46... Qg1+ $142 47. Kf4 g5+ (47... Qxh2+ $2 {perishes.} 48. Ke4 $16) (47... R1d3 $2 48. Rd6 $19) 48. Ke4 Re1+ (48... Qxh2 $2 49. Rxa7 Qh1 50. Qxh1 $18) 49. Bxe1 Qxe1+ 50. Qe3 Qh1+ (50... Qb4+ 51. Kf3 $15) 51. Qf3 Qb1+ (51... Qxh2 $2 52. Rxa7 Qf4+ 53. Qxf4 $18) 52. Rc2 Qxc2+ 53. Ke3 Qd3#) 0-1

[Event "CCT Julius Baer-D2-Place 2024"]
[Site "Online"]
[Date "2024.09.26"]
[Round "1"]
[White "Lazavik, Denis"]
[Black "Guseinov, Gadir"]
[Result "1-0"]
[ECO "E94"]
[WhiteElo "2578"]
[BlackElo "2636"]
[Annotator "TA"]
[PlyCount "73"]
[EventDate "2024.09.25"]
[EventType "swiss"]
[EventCountry "NET"]
[SourceTitle "playchess.com"]
[Source "ChessBase"]
[SourceQuality "1"]
[TimeControl "600+2"]

1. d4 Nf6 2. c4 g6 3. Nc3 Bg7 4. e4 O-O 5. Nf3 d6 6. Be2 c6 7. O-O e5 8. d5 Na6 9. Be3 Ng4 10. Bg5 f6 11. Bh4 c5 12. Nd2 Nh6 13. a3 Nf7 14. Rb1 h5 15. f3 Bh6 16. b4 b6 17. Kh1 Nc7 {[%emt 0:00:03] White is slightly better.} 18. bxc5 bxc5 19. Nb3 Ne8 20. Na4 Bg5 21. Bf2 f5 22. Naxc5 dxc5 23. Nxc5 Nf6 (23... Nfd6 $11) 24. exf5 gxf5 25. Ne6 {[%emt 0:00:07] Dodges Qc7. White is more active.} Bxe6 26. dxe6 Nh8 27. c5 {[%emt 0:00:41][%cal Bc4c5,Bc5c6][%mdl 1056] White has compensation.} Ng6 28. Bc4 {[%emt 0:00:12] [#] Hoping for e7+.} Qe7 29. c6 $36 {[%emt 0:00:18][%mdl 2048] White has strong initiative.} Rab8 {[%emt 0:01:51] Inhibits Rb7.} (29... Rfc8 $16) 30. Qc2 (30. Rb7 $18 Rxb7 (30... Qxa3 $2 31. e7+ Kh8 32. exf8=N $18) 31. cxb7) 30... e4 (30... Kg7 $142) 31. Bd4 $16 {[%emt 0:02:28] fxe4 would now be deadly. Some like it hot. A strong pair of Bishops.} Rfc8 $2 {[%emt 0:02:05][%mdl 8192] Loses the game.} (31... Kh7 $16) 32. Rxb8 $18 Rxb8 33. fxe4 Nxe4 (33... Qd6 $18 34. e5 (34. Bxa7 Ne7 $18) 34... Qxd4) 34. Rxf5 {[%emt 0:00:06] White mates.} Nd6 {[%emt 0:00:05] [#] Black is weak on the light squares} 35. Rf7 $1 Nxf7 (35... Nf8 36. c7) 36. Qxg6+ Kf8 37. Qg7+ {[%emt 0:00:01] Weighted Error Value: White=0.19 (very precise) /Black=0.67.  Loses game:     	---       	Black=1      Mistake:       	White=1     	Black=4      Inaccurate:     	White=4     	Black=3      OK:         	White=3     	Black=5      Best:        	White=3     	---} (37. Qxf7+ $2 {is the wrong capture.} Qxf7 38. Bc5+ (38. exf7 $2 Rb1+ 39. Bg1 Be3 $19) 38... Be7 (38... Qe7 39. Bxe7+ Bxe7 40. Kg1 $19) 39. exf7 Rb1+ (39... Bxc5 $2 40. g3 $19) 40. Bg1 Bc5 $19 (40... Bxa3 41. c7 Kg7 42. c8=Q Rd1 43. Qf5 Kf8 44. Qxh5)) 1-0

[Event "CCT Julius Baer-D2-Place 2024"]
[Site "Online"]
[Date "2024.09.26"]
[Round "1"]
[White "Pranav Vijay"]
[Black "Daneshvar, Bardiya"]
[Result "0-1"]
[ECO "B20"]
[WhiteElo "2252"]
[BlackElo "2598"]
[Annotator "RC"]
[PlyCount "100"]
[EventDate "2024.09.25"]
[EventType "swiss"]
[EventCountry "NET"]
[SourceTitle "playchess.com"]
[Source "ChessBase"]
[SourceQuality "1"]
[TimeControl "600+2"]

1. e4 c5 2. b4 cxb4 3. a3 d5 4. exd5 Qxd5 5. Nf3 e5 6. c4 Qd6 7. c5 Qf6 8. Bb2 Bxc5 9. axb4 Bd4 10. Nxd4 exd4 11. Bb5+ Bd7 12. Bxd7+ Nxd7 13. O-O Ne7 14. Qg4 Nf5 15. Re1+ Kf8 16. Na3 h5 17. Qe4 Nd6 18. Qd3 Rd8 19. Bxd4 Qg6 20. Qf3 Qg4 21. Qd5 Nf6 22. Qa5 b6 23. Qe5 Kg8 24. h3 Qg6 25. Qf4 Nd5 26. Qf3 Nf5 27. Bc3 Nh4 28. Qg3 Qxg3 29. fxg3 Nf5 30. Nc4 Rd7 31. g4 hxg4 32. hxg4 Nfe7 33. Ne5 Rc7 34. b5 f6 35. Nf3 Kf7 36. g5 Nf5 37. gxf6 gxf6 38. Rf1 Kg6 39. Ra4 Nxc3 40. dxc3 Rxc3 41. Rxa7 Ng3 42. Rd1 Rh1+ 43. Kf2 Rxd1 44. Kxg3 Rd5 45. Rb7 Rxb5 46. Kf2 Rb2+ 47. Kg3 b5 48. Kh3 b4 49. Kh4 Rxg2 50. Ne5+ Kf5 0-1

[Event "CCT Julius Baer-D2-Place 2024"]
[Site "Online"]
[Date "2024.09.26"]
[Round "1.1"]
[White "Sargsyan, Shant"]
[Black "Kobalia, Mikhail"]
[Result "1/2-1/2"]
[ECO "D43"]
[WhiteElo "2649"]
[BlackElo "2543"]
[Annotator "TA"]
[PlyCount "66"]
[EventDate "2024.09.25"]
[EventType "swiss"]
[EventCountry "NET"]
[SourceTitle "playchess.com"]
[Source "ChessBase"]
[SourceQuality "1"]
[TimeControl "600+2"]

1. d4 d5 2. Nf3 Nf6 3. c4 c6 4. Nc3 e6 5. Bg5 h6 6. Bxf6 Qxf6 7. e3 g6 8. Be2 Bg7 9. O-O O-O 10. e4 {[%emt 0:00:16] White has an edge.} dxc4 11. Bxc4 Nd7 12. Re1 Rd8 13. a4 (13. e5 $5 Qe7 $8 14. Rc1 $11) 13... Nb6 14. Qb3 (14. e5 $5 Qe7 $8 15. Qb3 $11) 14... Nxc4 15. Qxc4 a5 (15... e5 $11 {is more appropriate.}) 16. e5 $14 Qe7 17. Ne4 Qb4 {[%emt 0:00:31] Repels Qb3} 18. Qc3 ({Better is} 18. Qc1 $16) 18... Bd7 (18... Qxc3 $11 19. bxc3 b6) 19. Nc5 {[%emt 0:00:41] White is more active.} ({White should play} 19. Qe3 $14) 19... Qxc3 $11 20. bxc3 b6 21. Nxd7 Rxd7 22. Rab1 Rb7 23. Rb3 b5 24. Reb1 Rab8 25. Nd2 Bf8 26. Nc4 {[%emt 0:00:10] [#]} Bb4 $1 27. axb5 cxb5 28. Nb2 Be7 29. Kf1 Ra8 ({And not} 29... a4 30. Nxa4 b4 31. Nc5 Bxc5 32. dxc5 bxc3 33. Rxb7 $16) (29... b4 $15 30. Na4 Rd8) 30. Na4 {[%emt 0:00:11] The position is equal.} Bb4 31. Nb2 Be7 {[%emt 0:00:02] White must now prevent ...a4.} 32. Na4 Bb4 33. Nb2 Be7 {[%emt 0:00:02] Weighted Error Value: White=0.15 (very precise) /Black=0.15 (very precise) .  Mistake:       	White=2     	Black=3      Inaccurate:     	White=3     	Black=2      OK:         	White=8     	Black=8      Best:        	White=1     	---        Brilliant:      	---       	Black=1} 1/2-1/2

[Event "CCT Julius Baer-D2-Place 2024"]
[Site "Online"]
[Date "2024.09.26"]
[Round "1.1"]
[White "Theodorou, Nikolas"]
[Black "Robson, Ray"]
[Result "0-1"]
[ECO "A05"]
[WhiteElo "2619"]
[BlackElo "2700"]
[Annotator "TA"]
[PlyCount "156"]
[EventDate "2024.09.25"]
[EventType "swiss"]
[EventCountry "NET"]
[SourceTitle "playchess.com"]
[Source "ChessBase"]
[SourceQuality "1"]
[TimeControl "600+2"]

1. Nf3 c5 2. b3 Nf6 3. Bb2 g6 4. e4 Bg7 5. e5 Nh5 6. d4 cxd4 7. Qxd4 Nc6 8. Qe3 d6 9. Bb5 O-O 10. Bxc6 bxc6 11. Nbd2 dxe5 12. Bxe5 Nf6 13. h3 Nd5 14. Qc5 Qb6 15. Qd4 Qxd4 16. Bxd4 e5 17. Bb2 Bf5 18. O-O-O Nb4 19. a3 Nxc2 20. g4 Bd3 21. Bxe5 Nxa3 22. Bd6 Nb5 23. Bxf8 Bxf8 24. Nc4 Be4 25. Nfe5 Bxh1 26. Rxh1 Nd4 27. Rd1 Nxb3+ 28. Kc2 Nc5 29. Nxc6 Ne4 30. f3 Ng5 31. f4 Nxh3 32. f5 Rc8 33. N4a5 Kg7 34. Kb3 Nf2 35. Rd4 Bc5 36. Rc4 Bb6 37. Nb7 Ne4 38. Kb4 (38. Rxe4 $142 Rxc6 39. fxg6 Kxg6 (39... hxg6 $2 40. Kb4 $19) 40. Kb4) 38... gxf5 $19 39. gxf5 Kf6 40. Kb5 Re8 (40... Kxf5 $2 {loses.} 41. Ne7+ Ke5 42. Rxc8 $18 (42. Nxc8 f5 $18)) 41. Rc2 Kxf5 42. Rh2 Kg6 43. Rg2+ Kf6 44. Rh2 Kg6 45. Rg2+ Kf5 46. Rh2 $1 Rh8 47. Rh5+ (47. Rh4 $142 Nc3+ (47... h5 48. Ne7+ Ke5 49. Nc6+ Kf5 50. Ne7+ Ke5 51. Nc6+ Kf6 52. Rxe4 $17) 48. Ka6) 47... Kg4 $19 48. Rh1 f6 49. Ne7 h5 50. Re1 f5 51. Ng6 Rh6 52. Ne5+ Kf4 53. Nd3+ Kg3 54. Rf1 h4 55. Nf4 h3 56. Nxh3 Rxh3 57. Rxf5 Rh7 58. Ka6 Rxb7 59. Rf1 Re7 60. Ra1 Kf4 61. Ra4 Ke5 62. Ra1 Nc5+ 63. Kb5 Kd6 64. Rh1 Kc7 65. Rh6 a6+ 66. Kc4 Rd7 67. Rg6 Kb7 68. Rh6 Rc7 (68... Ne4 $142 69. Kb3 a5 70. Rh3 Rd4 71. Kc2 a4 72. Kb1 Bc5 73. Rh2 a3 74. Rg2 Nc3+ 75. Kc2 a2 76. Rg7+ Ka6 77. Rg1 Nd1 (77... Rd2+ {gets mated.} 78. Kxc3 Bxg1 79. Kxd2 a1=Q 80. Ke2 Qf6 81. Kd3 Qe6 82. Kc2 Qe2+ 83. Kc3 Kb5 84. Kb3 Bd4 85. Ka3 Qb2#) 78. Rxd1 Rxd1 79. Kxd1 a1=Q+ (79... a1=B $2 80. Ke1 $19) 80. Kd2 Qd4+ 81. Ke2 Qe3+ 82. Kd1 Qd3+ 83. Ke1 Qc2 84. Kf1 Qf2#) 69. Kb4 Nd3+ 70. Kb3 a5 71. Ka4 Rc4+ 72. Kb3 Rb4+ 73. Ka3 Nc5 74. Rh8 Ka6 75. Rh5 Kb5 76. Rg5 Rb3+ 77. Ka2 a4 78. Rg1 Ne4 0-1

[Event "CCT Julius Baer-D2-Place 2024"]
[Site "Online"]
[Date "2024.09.26"]
[Round "1.1"]
[White "Indjic, Aleksandar"]
[Black "Bosiocic, Marin"]
[Result "1-0"]
[ECO "D36"]
[WhiteElo "2611"]
[BlackElo "2555"]
[Annotator "RC"]
[PlyCount "121"]
[EventDate "2024.09.25"]
[EventType "swiss"]
[EventCountry "NET"]
[SourceTitle "playchess.com"]
[Source "ChessBase"]
[SourceQuality "1"]
[TimeControl "600+2"]

1. d4 d5 2. c4 e6 3. Nf3 Nf6 4. Nc3 Nbd7 5. cxd5 exd5 6. Bg5 h6 7. Bh4 c6 8. Qc2 Be7 9. e3 O-O 10. Bd3 Re8 11. O-O Ne4 12. Bxe7 Qxe7 13. Rab1 a5 14. a3 Nd6 15. b4 axb4 16. axb4 b5 17. Rfe1 Nf6 18. Ne5 Ra6 19. Ra1 Qb7 20. Rxa6 Qxa6 21. Qb2 Nc4 22. Bxc4 bxc4 23. Ra1 Qb7 24. Na4 Ng4 25. Nc5 Qc7 26. Nf3 Nf6 27. h3 Nd7 28. Ra8 Nb6 29. Ra3 Bf5 30. Qa1 Nd7 31. Ra7 Qd6 32. g4 Be6 33. Ne5 Nxe5 34. dxe5 Qb8 35. Rb7 Qa8 36. Qc3 Qa2 37. Kg2 Ra8 38. Qd4 Qb1 39. Qf4 Qg6 40. Rc7 Rc8 41. Ra7 h5 42. Kg3 c3 43. Ra1 c2 44. f3 Kh7 45. e4 Rd8 46. Rc1 dxe4 47. Nxe4 Bb3 48. Nc5 Be6 49. Qe4 Qxe4 50. Nxe4 Bb3 51. Nc5 Bd5 52. Rxc2 Ra8 53. Rc3 Ra2 54. gxh5 Kh6 55. Nd3 Re2 56. Nf4 Rxe5 57. Rc5 f6 58. b5 Bxf3 59. Rxe5 fxe5 60. b6 exf4+ 61. Kxf3 1-0

[Event "CCT Julius Baer-D2-Place 2024"]
[Site "Online"]
[Date "2024.09.26"]
[Round "1.1"]
[White "Lazavik, Denis"]
[Black "Navara, David"]
[Result "1-0"]
[ECO "D38"]
[WhiteElo "2578"]
[BlackElo "2681"]
[Annotator "TA"]
[PlyCount "71"]
[EventDate "2024.09.25"]
[EventType "swiss"]
[EventCountry "NET"]
[SourceTitle "playchess.com"]
[Source "ChessBase"]
[SourceQuality "1"]
[TimeControl "600+2"]

1. d4 Nf6 2. c4 e6 3. Nf3 d5 4. Nc3 Bb4 5. Bg5 h6 6. Bh4 dxc4 (6... Bxc3+ $6 7. bxc3 c5 8. e3 $14 (8. dxc5 O-O $14)) 7. a3 Bxc3+ 8. bxc3 Nbd7 9. e4 (9. Nd2 $11 {kam in Betracht.}) 9... g5 $15 10. Bg3 Nxe4 11. Bxc4 Nxg3 (11... b6 $15) 12. fxg3 $11 b6 13. O-O Bb7 14. Qe2 Qe7 15. Ne5 Nxe5 16. Qxe5 Rf8 17. a4 a6 18. Rf6 {[%emt 0:01:11][%cal Rc4e6] Droht Bxe6! und aus.} O-O-O 19. Rxh6 Qd6 20. Qxd6 ({Viel schlechter ist} 20. Qxg5 Qc6 21. Bf1 Qxc3 $17) 20... Rxd6 21. Rf1 {[%emt 0:00:10][%cal Oh6e6] Schwarz sollte Rxe6! verhindern.} Kd7 22. Be2 Ke7 23. Rh7 Be4 24. Rg7 Bg6 25. h4 $1 gxh4 26. gxh4 Rh8 $1 27. h5 $36 {[%emt 0:00:07][%mdl 2048] Weiss hat Druck.} Rxh5 {[%emt 0:00:00][%mdl 8192] [#]} (27... Bf5 $11) 28. Rfxf7+ $3 $18 Bxf7 29. Bxh5 Rc6 30. Rxf7+ {[%emt 0:00:07][%mdl 4096] Endspiel. KRB-KR} Kd6 31. Rf3 Rc4 32. g4 Rxa4 33. g5 Ra5 34. Rg3 {[%emt 0:00:04][%cal Og5g6] Schwarz muss nun g6! beachten.} Ke7 {[%emt 0:00:00] [#]} 35. g6 $1 {[%emt 0:00:04] Beabsichtigt g7 und Matt.} Rg5 (35... Rd5 36. g7) 36. Rxg5 {[%emt 0:00:01] Gewichteter Fehlerwert: Weiß=0.06 (makellos) /Schwarz=0.64.  Verlustzug:     	---       	Schwarz=1     Fehler:       	Weiß=1     	Schwarz=1     Ungenau:       	Weiß=1     	---        OK:         	Weiß=11    	Schwarz=11    Bester:       	Weiß=1     	Schwarz=1     Stark:        	Weiß=1     	Schwarz=1     Brilliant:      	Weiß=1     	---} 1-0

[Event "CCT Julius Baer-D2-Place 2024"]
[Site "Online"]
[Date "2024.09.26"]
[Round "1.1"]
[White "Makarian, Rudik"]
[Black "Yakubboev, Nodirbek"]
[Result "1/2-1/2"]
[ECO "A24"]
[WhiteElo "2550"]
[BlackElo "2666"]
[Annotator "TA"]
[PlyCount "96"]
[EventDate "2024.09.25"]
[EventType "swiss"]
[EventCountry "NET"]
[SourceTitle "playchess.com"]
[Source "ChessBase"]
[SourceQuality "1"]
[TimeControl "600+2"]

1. Nf3 Nf6 2. g3 g6 3. Bg2 Bg7 4. c4 O-O 5. Nc3 d6 6. O-O c6 7. d3 e5 8. c5 dxc5 $11 9. Nxe5 Nd5 10. f4 Nd7 {[%emt 0:00:07] Black has an edge.} 11. Nxd7 (11. Nxd5 {feels hotter.} cxd5 12. d4 cxd4 13. Qxd4 Re8 14. Qxd5 Qb6+ 15. Rf2) 11... Qxd7 12. Nxd5 cxd5 13. f5 Qd6 14. Bf4 Be5 15. e4 dxe4 16. dxe4 Qxd1 17. Raxd1 Bxb2 18. Bd6 $1 Re8 19. Bxc5 b6 20. Bd4 Bxd4+ 21. Rxd4 Ba6 22. Rfd1 Bb7 23. g4 Re5 24. Kf2 Rae8 25. Rd8 Kf8 (25... Bxe4 $2 {perishes.} 26. Rxe8+ Rxe8 27. Re1 $18) 26. Ke3 Bc6 27. Kf4 Rc5 (27... Ra5 $11) 28. Rxe8+ (28. Bf3 $14) 28... Kxe8 $14 {[%emt 0:00:01][%mdl 4096] Endgame. KRB-KRB} 29. Rd2 f6 30. h4 Ke7 31. g5 gxf5 32. exf5 {[%emt 0:00:00] Black must now prevent Bxc6.} Bxg2 {[%emt 0:00:08] The position is equal.} 33. Rxg2 $11 {[%emt 0:00:06] KR-KR} Rc4+ 34. Kg3 Rc3+ 35. Kg4 {[%emt 0:00:01] Threatens to win with Re2+.} Rc4+ 36. Kh5 {[%emt 0:00:10] [#] g6 is the strong threat.} Rf4 37. Kh6 fxg5 $1 38. hxg5 Kf7 39. g6+ (39. Kxh7 $2 Rh4#) 39... hxg6 40. fxg6+ Kg8 41. Rd2 {[%emt 0:00:03] [#] White wants to mate with Rd8+.} Rh4+ 42. Kg5 Ra4 43. Rd8+ (43. Kf6 $5 Rf4+ $8 44. Kg5 $11) 43... Kg7 44. Rd7+ Kg8 45. Kf6 Rf4+ 46. Kg5 Ra4 47. Rd8+ Kg7 48. Rd7+ Kg8 {[%emt 0:00:00] Weighted Error Value: White=0.08 (flawless) /Black=0.06 (flawless) .  Mistake:       	White=1     	Black=1      Inaccurate:     	White=3     	Black=2      OK:         	White=10    	Black=16     Best:        	White=4     	Black=4      Strong:       	White=1     	Black=1} 1/2-1/2